Map: Pillars of Gold LE

Players

Balance

  • Race: Terran Terran
  • League: Diamond
  • Spawn Location: 1:00

Heeebster - Winner!

  • Race: Protoss Protoss
  • League: Diamond
  • Spawn Location: 7:00

VOD

Have the link to the VOD?

Description

Time

  • Played on: Nov. 15, 2020, 2:34 p.m.
  • Length: 11:41
Show
View Real Time Build Order
Export as new Build Order

Balance Terran 

Build Orders: Reaper Expand 

Get SALT Encoding   

  12  0:00  SCV  
  13  0:12  SCV  
  14  0:18  Supply Depot  
  14  0:24  SCV  
  15  0:39  SCV  
  15  0:40  Barracks  
  16  0:45  Refinery  
  16  0:51  SCV  
  17  1:03  SCV  
  18  1:15  SCV  
  19  1:28  Orbital Command  
  19  1:29  Reaper  
  20  1:46  Command Center  
  20  1:56  SCV  
  21  2:01  Barracks Reactor  
  21  2:06  Barracks  
  21  2:20  Refinery  
  21  2:22  Supply Depot, SCV  
  22  2:34  SCV  
  23  2:37  Engineering Bay  
  23  2:43  Marine x2  
  25  2:46  SCV  
  26  2:54  Barracks Tech Lab  
  26  2:59  Factory  
  26  3:01  Marine x2  
  28  3:07  SCV  
  28  3:10  Orbital Command  
  29  3:17  Marauder  
  31  3:20  Marine  
  31  3:21  Marine  
  31  3:25  SCV  
  34  3:31  Missile Turret  
  34  3:35  Stimpack  
  34  3:40  Marine  
  34  3:41  Marine  
  36  3:47  Marauder  
  38  3:53  Factory Reactor  
  38  3:57  Starport  
  38  3:58  Marine  
  38  4:00  SCV  
  40  4:04  SCV, Marine  
  40  4:08  Supply Depot  
  41  4:16  Marine  
  44  4:17  Marauder, SCV  
  44  4:18  SCV  
  46  4:25  Supply Depot  
  46  4:26  Marine  
  46  4:34  Terran Infantry Weapons Level 1  
  46  4:35  SCV x2  
  46  4:36  Marine  
  49  4:39  Marine  
  50  4:47  Supply Depot x2  
  50  4:48  Marine  
  51  4:56  Supply Depot, Marine  
  52  5:04  SCV  
  52  5:05  SCV  
  56  5:08  Medivac  
  56  5:09  Medivac  
  56  5:12  Marine  
  59  5:16  Marine  
  59  5:19  Marauder  
  62  5:25  Missile Turret  
  61  5:30  Marine  
  61  5:34  Marine  
  61  5:35  SCV  
  62  5:36  SCV  
  62  5:40  Marauder  
  65  5:48  Marine, Factory Tech Lab  
  66  5:52  Marine  
  66  5:56  SCV x2  
  69  6:02  Combat Shield, Marauder  
  71  6:05  Marine  
  71  6:08  SCV  
  71  6:10  Marine  
  74  6:12  Supply Depot  
  74  6:19  SCV  
  74  6:22  Siege Tank  
  74  6:23  Marauder, Marine  
  74  6:24  SCV  
  82  6:28  Marine  
  82  6:29  Terran Infantry Armor Level 1  
  82  6:31  SCV  
  84  6:36  SCV  
  85  6:41  Marine  
  85  6:44  Marauder  
  85  6:45  Marine  
  68  7:02  Marine  
  68  7:03  Siege Tank, Marine  
  68  7:05  SCV x2  
  68  7:06  Marauder  
  68  7:08  Refinery  
  77  7:09  Refinery  
  77  7:13  Barracks  
  77  7:14  Barracks  
  77  7:15  Supply Depot, Barracks  
  77  7:19  Marine  
  77  7:21  Marine  
  77  7:22  SCV  
  80  7:23  SCV  
  80  7:25  Concussive Shells  
  80  7:27  Marauder  
  83  7:35  SCV  
  83  7:36  SCV  
  85  7:37  Marine  
  85  7:39  Marine  
  85  7:44  Siege Tank  
  90  7:48  SCV x2  
  90  7:49  Marauder  
  94  7:55  Marine  
  94  7:57  Marine  
  96  8:00  SCV x2  
  98  8:08  Missile Turret  
  98  8:10  Missile Turret  
  98  8:12  Barracks Tech Lab, SCV, Barracks Reactor x2  
  99  8:13  Missile Turret  
  99  8:14  Marine  
  99  8:16  Marine  
  99  8:17  Marauder, Missile Turret  
  103  8:26  Siege Tank  
  106  8:30  Engineering Bay  
  106  8:32  Marine  
  106  8:33  Armory  
  107  8:34  Marine  
  107  8:37  Marauder  
  110  8:56  Marine  
  110  8:57  Marine x4  
  110  8:58  Marine  
  110  8:59  Marauder  
  110  9:01  Marauder  
  98  9:09  Siege Tank, Medivac x2  
  88  9:10  SCV x2  
  88  9:13  Marine  
  91  9:18  Marine x3  
  91  9:19  Marine x2  
  91  9:21  Marine  
  97  9:24  Terran Infantry Weapons Level 2  
  97  9:25  Terran Infantry Armor Level 2  
  97  9:28  Terran Vehicle Weapons Level 1  
  97  9:30  Marauder  
  99  9:31  Marine  
  100  9:39  Marine x5  
  100  9:40  Marauder  
  76  9:53  Marine x2  
  76  9:55  Viking x2  
  76  9:56  Marine, Siege Tank  
  76  9:57  Marine  
  75  10:00  Marine  
  75  10:03  Marine  
  75  10:04  Marine  
  75  10:05  Marine  
  67  10:10  Marine x2  
  52  10:18  Marine  
  52  10:20  Marine x2  
  55  10:22  Marine  
  40  10:36  Marauder x2  
  40  10:41  Marine  
  37  11:07  Marine  
Show
View Real Time Build Order
Export as new Build Order

Heeebster Protoss - Winner!

Build Orders: Oracle Opening, Archon Immortal 

Get SALT Encoding   

  12  0:00  Probe  
  13  0:15  Pylon  
  13  0:18  Probe  
  14  0:30  Probe  
  15  0:38  Gateway  
  15  0:42  Probe (Chrono Boost)  
  16  0:47  Assimilator  
  16  0:51  Assimilator  
  16  0:54  Probe (Chrono Boost)  
  17  1:02  Probe  
  18  1:14  Probe  
  19  1:25  Cybernetics Core  
  19  1:27  Probe  
  20  1:39  Probe  
  21  1:53  Nexus  
  21  1:59  Pylon  
  21  2:01  Warp Gate (Chrono Boost)  
  21  2:07  Stalker (Chrono Boost)  
  23  2:20  Stargate  
  23  2:25  Probe  
  24  2:37  Probe  
  25  2:49  Probe  
  25  2:50  Pylon  
  26  2:54  Robotics Facility  
  26  3:01  Probe  
  27  3:06  Probe  
  27  3:07  Oracle (Chrono Boost)  
  31  3:13  Probe  
  32  3:20  Probe  
  32  3:26  Gateway  
  33  3:31  Probe (Chrono Boost)  
  33  3:32  Probe (Chrono Boost)  
  36  3:42  Oracle  
  36  3:46  Probe x2 (Chrono Boost)  
  40  3:51  Probe (Chrono Boost)  
  40  3:53  Probe  
  40  3:54  Shield Battery  
  42  4:00  Pylon  
  42  4:03  Probe  
  43  4:17  Probe  
  43  4:18  Probe  
  43  4:20  Assimilator, Immortal (Chrono Boost)  
  43  4:22  Void Ray (Chrono Boost)  
  49  4:29  Probe  
  54  4:37  Assimilator  
  54  4:41  Probe  
  54  4:42  Twilight Council  
  54  4:44  Gateway  
  55  4:54  Gateway  
  55  4:56  Gateway  
  55  4:58  Probe x2  
  57  5:03  Void Ray (Chrono Boost)  
  57  5:10  Probe (Chrono Boost)  
  62  5:15  Charge (Chrono Boost)  
  62  5:36  Pylon  
  62  5:37  Pylon  
  62  5:49  Pylon  
  62  5:51  Immortal  
  62  5:52  Pylon  
  62  5:54  Probe x2  
  68  5:58  Zealot x3  
  74  6:04  Pylon  
  74  6:07  Probe  
  75  6:12  Gateway  
  75  6:13  Gateway  
  75  6:16  Zealot  
  77  6:19  Probe  
  77  6:23  Warp Prism  
  78  6:26  Zealot  
  78  6:31  Zealot  
  84  6:46  Zealot x3  
  84  6:47  Zealot  
  76  6:52  Zealot  
  62  7:06  Immortal (Chrono Boost)  
  66  7:10  Zealot  
  66  7:11  Zealot x3  
  74  7:20  Templar Archives  
  74  7:21  Zealot, Void Ray (Chrono Boost)  
  74  7:22  Pylon  
  80  7:35  Zealot x2  
  84  7:41  Pylon  
  84  7:49  Immortal  
  84  7:51  Void Ray  
  92  8:06  High Templar x7  
  92  8:10  Archon x3  
  106  8:26  Nexus  
  106  8:28  Pylon  
  106  8:38  Zealot x5  
  106  8:40  Zealot  
  86  9:13  Nexus  
  86  9:15  Pylon  
  86  9:23  High Templar x3  
  86  9:24  High Templar, Zealot, Void Ray (Chrono Boost)  
  94  9:25  Zealot x2  
  94  9:28  Archon x2  
  94  9:29  Immortal (Chrono Boost)  
  108  9:40  Probe x2  
  110  9:52  Probe x2  
  94  9:53  Zealot x3  
  94  9:54  Psionic Storm  
  96  10:04  Zealot x4, Probe  
  97  10:26  Probe (Chrono Boost)  
  97  10:28  Probe x2 (Chrono Boost)  
  90  10:34  Probe (Chrono Boost)  
  83  10:37  Probe x2 (Chrono Boost)  
  83  10:40  Probe  
  76  10:47  Probe x2  
  78  10:50  High Templar x5  
  78  10:54  Archon x2  
  78  10:56  Zealot x2  
  92  10:58  Probe  
  92  11:00  Assimilator, Probe x2  
  95  11:04  Pylon  
  95  11:05  Assimilator  
  95  11:10  Probe  
  95  11:11  Forge x2  
  96  11:12  Probe  
  96  11:16  Probe  
  98  11:19  Pylon  
  98  11:22  Probe  
  99  11:38  Zealot x2  
  99  11:39  Zealot x5  
Tags
 
Add a new tag
Caveats
  • Supply blocks, unpowered buildings, or Contaminate may cause inaccurate times.
  • Supply counts are checked every 10 seconds.